 Dungeon Crawl Stone Soup version 0.29-a0-352-g0917bc69df (webtiles) character file.

Game seed: 255265951458601187

56 pokeman the Magician (level 3, -9/20 HPs)
             Began as a Deep Elf Hedge Wizard on Apr 24, 2022.
             Mangled by an iguana (12 damage)
             ... on level 2 of the Dungeon.
             The game lasted 00:03:18 (1950 turns).

pokeman the Magician (Deep Elf Hedge Wizard)        Turns: 1950, Time: 00:03:19

Health: -9/20      AC:  3    Str:  7    XL:     3   Next: 69%
Magic:  1/11       EV: 11    Int: 20    God:
Gold:   67         SH:  0    Dex: 14    Spells: 1/12 levels left

rFire   . . .      SeeInvis .   b - +1 dagger (speed)
rCold   . . .      Faith    .   (no shield)
rNeg    . . .      Spirit   .   g - +0 leather armour
rPois   .          Reflect  .   c - +0 hat
rElec   .          Harm     .   (no cloak)
rCorr   .          Rampage  .   (no gloves)
Will    .....                   (no boots)
Stlth   ++........              (no amulet)
HPRegen 0.06/turn               (no ring)
MPRegen 0.12/turn               (no ring)

@: very slightly contaminated
A: no striking features
a: no special abilities


You were on level 2 of the Dungeon.
You visited 1 branch of the dungeon, and saw 2 of its levels.

You collected 67 gold pieces.

Inventory:

Hand Weapons
 b - a +1 dagger of speed (weapon)
Armour
 c - a +0 hat (worn)
 g - a +0 leather armour (worn)
Scrolls
 e - 8 scrolls of identify {unknown}
 i - a scroll of blinking {unknown}
 j - a scroll of fear {unknown}
 k - a scroll of summoning {unknown}
Potions
 a - a potion of curing {unknown}
 d - a potion of magic
 f - a potion of mutation {unknown}
 h - a potion of might {unknown}


   Skills:
 - Level 1.0 Fighting
 - Level 1.0 Armour
 + Level 2.4 Dodging
 - Level 2.4 Stealth
 * Level 5.3 Spellcasting
 + Level 1.9 Conjurations
 - Level 1.1 Summonings
 - Level 1.1 Translocations
 + Level 0.0 Fire Magic


You had one spell level left.
You knew the following spells:

 Your Spells              Type           Power      Damage    Failure   Level
a - Magic Dart            Conj           52%        1d5       8%          1
b - Mephitic Cloud        Conj/Pois/Air  8%         N/A       36%         3
c - Call Imp              Summ           9%         N/A       16%         2
d - Blink                 Tloc           18%        N/A       16%         2
e - Conjure Flame         Conj/Fire      9%         6-21      32%         3

Your spell library contained the following spells:

 Spells                   Type           Power      Damage    Failure   Level
 Slow                     Hex            20%        N/A       16%         1


Dungeon Overview and Level Annotations

Branches:
Dungeon (2/15)

Altars:


Message History

The endoplasm quivers.
The iguana hisses angrily.
Casting: Magic Dart (safe; 8% risk of failure)
Confirm with . or Enter, or press ? or * to list all spells.
Aiming: Magic Dart (safe; 8% risk of failure)
Press: ? - help, Shift-Dir - straight line, f - endoplasm
Aim: an endoplasm (100% to hit)
The magic dart hits the endoplasm.
The endoplasm is heavily wounded.
Casting: Magic Dart (safe; 8% risk of failure)
Confirm with . or Enter, or press ? or * to list all spells.
Aiming: Magic Dart (safe; 8% risk of failure)
Press: ? - help, Shift-Dir - straight line, f/p - endoplasm
Aim: an endoplasm (heavily wounded, 100% to hit)
The magic dart hits the endoplasm.
You kill the endoplasm!
Casting: Magic Dart (safe; 8% risk of failure)
Confirm with . or Enter, or press ? or * to list all spells.
The spell is potentially lethal to miscast (32% risk of failure)!
Continue anyway?
You miscast Conjure Flame.
You are very lightly contaminated with residual magic.
Fire whirls out from your hands.
Casting: Conjure Flame (potentially lethal; 32% risk of failure)
Confirm with . or Enter, or press ? or * to list all spells.
The spell is potentially lethal to miscast (36% risk of failure)!
Continue anyway?
Aiming: Mephitic Cloud (potentially lethal; 36% risk of failure)
Press: ? - help, Shift-Dir - straight line, f - iguana
Aim: an iguana (chance to affect: 86%)
You miscast Mephitic Cloud.
You feel a sudden electric shock!
The iguana hisses menacingly.
Unknown command.
Casting: Mephitic Cloud (potentially lethal; 36% risk of failure)
Confirm with . or Enter, or press ? or * to list all spells.
A beastly little devil appears in a puff of flame.
The iguana bites you!
* * * LOW HITPOINT WARNING * * *
Unknown command.
You swap places.
The iguana attacks as you move away! The iguana bites you!
Ouch! That really hurt!
You die...

##.#.###...#....########
#.#......#####.........#
##...###...#....######.#
######.## ##..#.##.# ####
#......# #.....#.# .... #.####.#
#.......# ### #.# #.# ###.##### #
#.####.# #.# #.##### #.#....# #@#
#....## #.#.##.# #l# #.##.##
#.#.##.# ... #.##.## #.#.##.#
..... ##.##.## #......# .......
##.......
###...####.........####...##.##
####.......+.........+...........
#.........##.........####...##.##
#.###..##.# ....... ##...##.#


You could see an iguana (ally target) and a friendly crimson imp (summoned).

Vanquished Creatures
  Natasha (D:2)
  A ball python (D:1)
  5 endoplasms
  2 goblins
  2 hobgoblins (D:1)
  2 jackals (D:1)
  2 kobolds
  3 quokkas
  5 bats
  A frilled lizard (D:1)
  5 rats
29 creatures vanquished.

Notes
Turn   | Place    | Note
-------+----------+-------------------------------------------
     0 | D:1      | pokeman the Deep Elf Hedge Wizard began the quest for the
                  | Orb.
     0 | D:1      | Reached XP level 1. HP: 10/10 MP: 7/7
   406 | D:1      | Reached XP level 2. HP: 16/16 MP: 1/9
   478 | D:1      | Found a faded altar of an unknown god.
  1195 | D:2      | Reached skill level 5 in Spellcasting
  1595 | D:2      | Noticed Natasha
  1609 | D:2      | Killed Natasha
  1610 | D:2      | Reached skill level 1 in Fighting
  1610 | D:2      | Reached skill level 1 in Armour
  1610 | D:2      | Reached XP level 3. HP: 4/20 MP: 0/11
  1614 | D:2      | Learned a level 3 spell: Mephitic Cloud
  1617 | D:2      | Learned a level 2 spell: Call Imp
  1620 | D:2      | Learned a level 2 spell: Blink
  1624 | D:2      | Learned a level 3 spell: Conjure Flame
  1950 | D:2      | Mangled by an iguana

Illustrated notes

Levels and vault maps discovered:
D:1:      giann_wishing_wells, layout_loops_ring, basic_ecumenical_altar,
          minmay_misc_feat_iff
D:2:      layout_loops_corners, uniq_natasha

Skill      XL: |  1  2 |
---------------+-------+-----
Spellcasting   | 5 |  5.3
Fighting       | 1 |  1.0
Armour         | 1 |  1.0
Dodging        | |  2.4
Stealth        | |  2.4
Conjurations   | |  1.9
Summonings     | |  1.1
Translocations | |  1.1

Action                   || total
-------------------------++-------
Melee: Dagger            ||     2
 Cast: Magic Dart        ||    82
       Call Imp          ||     1
Armor: Leather armour    ||     4
Dodge: Dodged            ||    14

Table legend: (Time is in decaauts)
 A = Elapsed time spent in this place.
 B = Non-inter-level travel time spent in this place.
 C = Inter-level travel time spent in this place.
 D = Time resting spent in this place.
 E = Time spent auto-exploring this place.
 F = Levels seen in this place.
 G = Mean time per level.
                   A        B        C        D        E       F      G
               +--------+--------+--------+--------+--------+-----+--------+
         Total |   1948 |   1938 |     10 |    379 |   1322 |   2 |  974.0 |
       Dungeon |   1948 |   1938 |     10 |    379 |   1322 |   2 |  974.0 |
               +--------+--------+--------+--------+--------+-----+--------+

Top non-repeatable levels by time:
     D:1: 1155 daAuts
     D:2: 793 daAuts
